 Dungeon Crawl Stone Soup version 0.24-a0-439-g6dd8730de2 (webtiles) character file.

Game seed: 6351465516209973503

67 HAL9000 the Ruffian (level 4, -5/35 HPs)
             Began as a Draconian Transmuter on June 18, 2019.
             Slain by Pikel
             ... wielding a +2 whip of electrocution
              (10 damage)
             ... on level 4 of the Dungeon.
             The game lasted 00:02:33 (2199 turns).

HAL9000 the Ruffian (Draconian Transmuter)          Turns: 2199, Time: 00:02:34

Health: -5/35      AC:  2    Str: 12    XL:     4   Next: 0%
Magic:  3/7        EV: 19    Int: 15    God:
Gold:   120        SH:  0    Dex: 16    Spells: 1/7 levels left

rFire    . . .     SeeInvis .     - Unarmed
rCold    . . .     Gourm    .   (shield currently unavailable)
rNeg     . . .     Faith    .   (armour unavailable)
rPois    x         Spirit   .   (helmet currently unavailable)
rElec    .         Reflect  .   (cloak currently unavailable)
rCorr    .         Harm     .   (gloves currently unavailable)
MR       .....                  (boots currently unavailable)
Stlth    +.........             (no amulet)
HPRegen  0.11/turn              (no ring)
MPRegen  0.10/turn              (no ring)

@: spider-form
A: tiny, unfitting armour, AC +5
a: End Transformation


You were on level 4 of the Dungeon.
You were very hungry.
You were a venomous arachnid creature.
You visited 1 branch of the dungeon, and saw 3 of its levels.

You collected 120 gold pieces.

Inventory:

Missiles
 a - 12 arrows
Scrolls
 b - 4 scrolls of random uselessness {unknown}
 d - 2 scrolls of amnesia {unknown}
 g - a scroll of identify {unknown}
 k - a scroll of enchant weapon {unknown}
 l - a scroll of teleportation {unknown}
 m - a scroll of magic mapping {unknown}
Potions
 e - 2 potions of agility {unknown}
 f - a potion of heal wounds {unknown}
 h - a potion of curing {unknown}
 i - a potion of brilliance {unknown}
 j - a potion of ambrosia {unknown}
Comestibles
 c - 3 rations


   Skills:
 - Level 1.1 Fighting
 - Level 1.7 Dodging
 - Level 4.0 Unarmed Combat
 - Level 2.0 Spellcasting
 + Level 3.3 Transmutations


You had one spell level left.
You knew the following spells:

 Your Spells              Type           Power        Failure   Level  Hunger
a - Beastly Appendage     Tmut           ##....       16%         1    #......
b - Sticks to Snakes      Tmut           ##......     22%         2    ###....
c - Spider Form           Tmut/Pois      #.........   54%         3    ###....

Your spell library contained the following spells:

 Spells                   Type           Power        Failure   Level  Hunger
 Magic Dart               Conj           #...         43%         1    #......
 Blink                    Tloc           N/A          54%         2    ###....
 Call Imp                 Summ           #.......     54%         2    ###....
 Slow                     Hex            #.......     54%         2    ###....
 Conjure Flame            Conj/Fire      #.......     75%         3    ###....
 Mephitic Cloud           Conj/Pois/Air  #.......     75%         3    ###....
 Ice Form                 Ice/Tmut       #.......     88%         4    #####..
 Blade Hands              Tmut           ##........   94%         5    ######.


Dungeon Overview and Level Annotations

Branches:
Dungeon (2/15)

Altars:

Annotations:
D:4 Pikel


Innate Abilities, Weirdness & Mutations

((Your plain brown scales are hard. (AC +5)))
You cannot fit into any form of body armour.
((You are cold-blooded and may be slowed by cold attacks.))


Message History

Pikel says, "You'll fetch a fair price!"
Casting: Spider Form (safe; 32% risk of failure)
Confirm with . or Enter, or press ? or * to list all spells.
You turn into a venomous arachnid creature.
Pikel hits you with a +2 whip of electrocution.
* * * LOW HITPOINT WARNING * * *
Unknown command.
Pikel cracks his whip.
Pikel says, "You'll fetch a fair price!"
Your transformation is almost over.
Found a leather armour.
Found a murky puce potion.
Your transformation has ended.
Pikel cracks his whip.
Casting: Spider Form (safe; 32% risk of failure)
Confirm with . or Enter, or press ? or * to list all spells.
You turn into a venomous arachnid creature.
You are feeling very hungry.
Pikel hits you with a +2 whip of electrocution!
You die...

!#...#.##...# ..#.
...........## #.##
# #...#.....#
#.#######..#..#
......>.#..#.....
...........#..#...#
#.##........#.#..##
#.##K#>..#.# ## #
#s#...#.# #
#.#...#.#
#####.##.#.....
.<..........##.#
########.#### .#
..# # ###


You could see Pikel.

Vanquished Creatures
  A slave (D:4)
  3 adders (D:2)
  2 dart slugs (D:1)
  2 leopard geckos (D:2)
  A bat (D:1)
  3 giant cockroaches (D:1)
  2 goblins (D:1)
  3 hobgoblins
  7 jackals
  A ball python (D:1)
  A frilled lizard (D:4)
  5 kobolds
  3 rats (D:1)
34 creatures vanquished.

Notes
Turn   | Place    | Note
-------+----------+-------------------------------------------
     0 | D:1      | HAL9000 the Draconian Transmuter began the quest for the
                  | Orb.
     0 | D:1      | Reached XP level 1. HP: 16/16 MP: 3/3
   275 | D:1      | Reached XP level 2. HP: 12/23 MP: 3/5
   298 | D:1      | Learned a level 2 spell: Sticks to Snakes
   657 | D:1      | Reached skill level 4 in Unarmed Combat
   899 | D:1      | Reached XP level 3. HP: 24/28 MP: 6/6
  1579 | D:2      | Learned a level 3 spell: Spider Form
  2023 | D:2      | You fall into a shaft and drop 2 floors!
  2060 | D:4      | Reached XP level 4. HP: 35/35 MP: 5/7
  2130 | D:4      | Noticed a slave
  2131 | D:4      | Noticed Pikel
  2157 | D:4      | Killed a slave
  2199 | D:4      | Slain by Pikel

Levels and vault maps discovered:
D:1:      sevenhm_arrival_forest_fort_small_3, layout_loops_ring,
          minmay_misc_feat_rugged, minmay_misc_feat_diagonals
D:2:      layout_basic, uniq_jessica
D:4:      layout_loops_ring, old_standard_altar,
          nemelex_xobeh_ov_fountains_minmay, first_ration, minmay_unequal,
          uniq_pikel

Skill      XL: |  1  2  3 |
---------------+----------+-----
Unarmed Combat | 4 |  4.0
Transmutations | 3 |  3.3
Fighting       | |  1.1
Dodging        | |  1.7
Spellcasting   | |  2.0

Action                   |  1- 3 |  4- 6 || total
-------------------------+-------+-------++-------
Melee: Unarmed           |   144 |     6 ||   150
       Headbutt          |     3 |       ||     3
       Tailslap          |     6 |       ||     6
       Kick              |     4 |       ||     4
       Punch             |     1 |       ||     1
 Cast: Beastly Appendage |    13 |       ||    13
       Spider Form       |       |     3 ||     3
  Eat: Chunk             |     4 |       ||     4
Armor: Skin              |    40 |       ||    40
Dodge: Dodged            |    99 |     3 ||   102

Table legend:
 A = Non-vault XP
 B = Vault XP
 C = Vault XP percentage of total XP
 D = Non-vault monster count
 E = Vault monster count
 F = Vault count percentage of total count
                 A         B        C        D         E       F
            +---------+---------+-------+---------+---------+-------
      Total |      97 |       0 |   0.0 |      33 |       0 |   0.0
            +---------+---------+-------+---------+---------+-------
        D:1 |      41 |       0 |   0.0 |      22 |       0 |   0.0
        D:2 |      55 |       0 |   0.0 |      10 |       0 |   0.0
        D:4 |       1 |       0 |   0.0 |       1 |       0 |   0.0
            +---------+---------+-------+---------+---------+-------
